 Dungeon Crawl Stone Soup version 0.31-a0-431-g88bdf31460 (webtiles) character file.

Game seed: 5145460301283406923

4043 Flugkiller the Prestidigitator (level 10, -5/59 HPs)
             Began as a Deep Elf Shapeshifter on July 31, 2023.
             Was an Initiate of Gozag.
             Slain by an orc warrior
             ... wielding a +0 broad axe
              (17 damage)
             ... in a bailey.
             The game lasted 00:12:01 (8807 turns).

Flugkiller the Prestidigitator (DESh)               Turns: 8807, Time: 00:12:01

Health: -5/59      AC:  8    Str:  9    XL:     10   Next: 4%
Magic:  21/21      EV: 15    Int: 18    God:    Gozag
Gold:   1054       SH:  0    Dex: 18    Spells: 9/9 levels left

rFire   . . .        e - +3 dagger (elec)
rCold   . . .        (no shield)
rNeg    + . .        w - +1 leather armour of the Tsukumogami {rN+ Stlth+}
rPois   .            (helmet currently unavailable)
rElec   .            (cloak currently unavailable)
rCorr   .            (gloves currently unavailable)
SInv    .            (boots currently unavailable)
Will    +....        (no amulet)
Stlth   ++++         D - ring of magical power
HPRegen 0.29/turn    p - +4 ring of protection
MPRegen 0.17/turn

%: no passive effects
@: beast-form
A: beast (slay +3), clever 1, weak 1
a: Begin Untransformation, Renounce Religion, Potion Petition, Call Merchant,
Bribe Branch


You were in a bailey.
You worshipped Gozag.
Gozag was most pleased with you.
You were a hulking beast.
You visited 1 branch of the dungeon, and saw 9 of its levels.
You also visited: Bailey.

You collected 1121 gold pieces.
You paid 67 gold pieces to Gozag.

Inventory:

Hand Weapons
 e - a +3 dagger of electrocution (weapon)
   (You took it off a goblin on level 1 of the Dungeon)
Missiles
 a - 2 throwing nets
Armour
 g - a +1 hat
   (You found it on level 3 of the Dungeon)
 h - a +1 helmet
   (You found it on level 3 of the Dungeon)
 w - the +1 leather armour of the Tsukumogami (worn) {rN+ Stlth+}
   (You took it off an orc on level 4 of the Dungeon)

   rN:        It protects you from negative energy.
   Stlth:     It makes you more stealthy.
 G - a +1 pair of boots
   (You found it on level 9 of the Dungeon)
Jewellery
 n - a ring of fire
   (You found it on level 2 of the Dungeon)
 o - a ring of wizardry
   (You found it on level 8 of the Dungeon)
 p - a +4 ring of protection (right hand)
   (You found it on level 7 of the Dungeon)
 D - a ring of magical power (left hand)
   (You found it on level 6 of the Dungeon)
Talismans
 c - a beast talisman (active)
 I - a blade talisman
   (You found it on level 9 of the Dungeon)
Wands
 b - a wand of roots (11)
   (You took it off a kobold on level 3 of the Dungeon)
 m - a wand of flame (4)
   (You found it on level 9 of the Dungeon)
 H - a wand of polymorph (6)
   (You found it on level 9 of the Dungeon)
Scrolls
 j - a scroll of brand weapon
 k - a scroll of enchant armour
 l - a scroll of torment {unknown}
 t - 2 scrolls of teleportation
 u - a scroll of vulnerability {unknown}
 y - a scroll of butterflies {unknown}
 z - 2 scrolls of blinking
 B - a scroll of revelation {unknown}
Potions
 d - a potion of might
 f - a potion of mutation
 i - 3 potions of enlightenment
 q - 6 potions of curing
 r - a potion of resistance {unknown}
 x - a potion of ambrosia {unknown}
 A - 2 potions of brilliance {unknown}
 C - 2 potions of cancellation {unknown}
 E - a potion of haste {unknown}
 F - a potion of magic {unknown}
Miscellaneous
 s - a phantom mirror
   (You found it on level 4 of the Dungeon)


   Skills:
 + Level 5.3 Fighting
 + Level 6.3 Short Blades
 + Level 7.4 Dodging
 - Level 5.0 Stealth
 - Level 2.4 Unarmed Combat
 - Level 8.0 Evocations
 + Level 5.4 Shapeshifting


You had 9 spell levels left.
You didn't know any spells.
Your spell library contained the following spells:

 Spells                   Type           Power      Damage    Failure   Level
 Blink                    Tloc           0%         N/A       43%         2
 Lesser Beckoning         Tloc           0%         N/A       43%         2
 Momentum Strike          Conj/Tloc      0%         3d8       43%         2
 Inner Flame              Hex/Fire       0%         N/A       67%         3
 Tukima's Dance           Hex            0%         N/A       67%         3
 Flame Wave               Conj/Fire      0%         2d4       97%         4
 Sticky Flame             Conj/Fire      0%         2d3       97%         4
 Iskenderun's Battlesphe  Conj           0%         2d6       100%        5
 Leda's Unmaking          Conj/Erth      0%         9d1       100%        6
 Spellforged Servitor     Conj/Summ      0%         N/A       100%        7
 Summon Hydra             Summ           0%         N/A       100%        7
 Discord                  Hex            0%         N/A       100%        8


Dungeon Overview and Level Annotations

Branches:
Dungeon (9/15) Zot: 26825    Lair (0/5) D:8          Bailey (1/1) Zot: 5924
 Temple: D:4-7          Orc: D:9-12

Altars:
Dithmenos
Gozag

Shops:
D:1 ?

Annotations:
D:3 1 runed translucent door, Crazy Yiuf
D:4 exclusion: oklob sapling


Innate Abilities, Weirdness & Mutations

You are a hulking beast.
Your limbs bulge with bestial killing power. (Slay +3)
Your mind is acute. (Int +4, Str/Dex -1)
You are weak. (Str -2)


Message History

The kobold is no longer distracted by gold.
The kobold brigand is no longer distracted by gold.
The kobold brigand throws a poisoned dart.
The poisoned dart closely misses you.
The kobold is distracted by your dazzling golden aura.
The kobold brigand hits you with a +0 war axe.
The kobold shouts!
You puncture the kobold brigand!
The kobold brigand is moderately wounded.
You feel sick.
The kobold is no longer distracted by gold.
The kobold brigand throws a poisoned dart.
The poisoned dart barely misses you.
You hit the kobold brigand.
Lightning courses through the kobold brigand!
You kill the kobold brigand!
You feel sick. The kobold hits you but does no damage.
The kobold brigand is distracted by your dazzling golden aura.
You have reached level 10!
You feel sick.
You are no longer poisoned.
The kobold hits you.
You closely miss the orc warrior.
The kobold brigand is no longer distracted by gold.
The orc warrior hits you with a +0 war axe.
The kobold misses you. The kobold hits you but does no damage.
The kobold brigand shouts!
You hit the kobold brigand but do no damage.
Lightning courses through the kobold brigand!
The kobold brigand is moderately wounded.
The orc warrior barely misses you.
You closely miss the kobold brigand.
The kobold brigand is moderately wounded.
The kobold hits you but does no damage. The kobold misses you.
The kobold brigand is distracted by your dazzling golden aura. x2
The kobold brigand shouts!
The kobold brigand shouts!
You hit the kobold brigand.
Lightning courses through the kobold brigand!
The kobold brigand is no longer distracted by gold.
The kobold brigand is almost dead.
The orc warrior is distracted by your dazzling golden aura.
The kobold is distracted by your dazzling golden aura.
The kobold brigand is distracted by your dazzling golden aura.
The kobold is distracted by your dazzling golden aura.
The kobold shouts!
The kobold brigand shouts!
The kobold shouts!
The orc warrior shouts!
You hit the kobold brigand but do no damage.
Lightning courses through the kobold brigand!!
You kill the kobold brigand!
The kobold brigand is no longer distracted by gold.
The kobold brigand is distracted by your dazzling golden aura.
You hit the orc warrior.
The orc warrior is no longer distracted by gold.
The orc warrior is lightly wounded.
You hit the orc warrior.
Lightning courses through the orc warrior!
You punch the orc warrior, but do no damage.
The orc warrior is almost dead.
The kobold brigand is no longer distracted by gold.
The orc warrior barely misses you.
You hit the orc warrior.
The orc warrior is almost dead.
The kobold is no longer distracted by gold.
The orc warrior is distracted by your dazzling golden aura.
The orc warrior shouts!
You hit the orc warrior.
Lightning courses through the orc warrior!
You kill the orc warrior!
The kobold misses you.
The kobold brigand throws a poisoned dart.
The poisoned dart barely misses you.
The orc warrior hits you with a +0 broad axe.
The kobold closely misses you. The kobold brigand barely misses you.
Things that are here:
6 gold pieces; a +0 war axe; a +0 ring mail You hit the kobold brigand.
The kobold brigand is lightly wounded.
The kobold is no longer distracted by gold.
The orc warrior is distracted by your dazzling golden aura.
The kobold is distracted by your dazzling golden aura. x2
You barely miss the kobold brigand.
The kobold brigand is lightly wounded.
The kobold shouts!
The orc warrior shouts!
The kobold brigand hits you with a +0 war axe.
The kobold shouts!
You hit the orc warrior but do no damage.
The orc warrior is no longer distracted by gold.
The kobold brigand hits you with a +0 war axe.
You hit the orc warrior but do no damage.
The kobold is no longer distracted by gold.
The orc warrior hits you with a +0 broad axe!!
* * * LOW HITPOINT WARNING * * *
The kobold closely misses you.
You hit the orc warrior but do no damage.
The kobold is no longer distracted by gold.
The kobold brigand closely misses you.
The orc warrior hits you with a +0 broad axe!
You die...
Your body crumbles into a pile of gold.

#...# #...# #...#
####...####
##~.......~#
#####~~.......~~#
#....~~.$.....~~.
#.###~~$.$....~~#
#....~$KhK....~~.
#.###~$Ko$....~~#
....~~.......~~.
#.###~~.......~~
..~~.......~~
###~~.......~~
.~~.......~~
##~~.......~~


You could see an orc warrior, a kobold brigand and 2 kobolds.

Vanquished Creatures
  Joseph (D:8)
  A hornet (D:7)
  Sigmund (D:3)
  2 wyverns (D:8)
  A yak (D:8)
  A basilisk (D:8)
  2 steam dragons
  2 water moccasins
  2 orc warriors
  An ice beast (D:6)
  A sky beast (D:8)
  Pargi (D:3)
  2 black bears
  A centaur (D:9)
  2 kobold brigands (Bailey)
  4 bullfrogs
  2 scorpions
  4 wights
  A jelly (D:8)
  3 howler monkeys
  3 orc priests
  2 gnoll boudas
  A hound (D:5)
  3 iguanas (D:5)
  A sleepcap (D:6)
  2 orc wizards
  12 gnolls
  11 adders
  A shadow imp (D:7)
  3 white imps
  An ufetubus (D:6)
  2 worms
  2 dart slugs
  23 orcs
  5 endoplasms
  5 giant cockroaches
  11 goblins
  7 hobgoblins
  13 kobolds
  3 quokkas
  6 ball pythons
  12 bats
  15 frilled lizards
  7 rats
186 creatures vanquished.

Vanquished Creatures (others)
  A yak (D:9)
1 creature vanquished.

Grand Total: 187 creatures vanquished

Notes
Turn   | Place    | Note
-------+----------+-------------------------------------------
     0 | D:1      | Flugkiller the Deep Elf Shapeshifter began the quest for
                  | the Orb.
     0 | D:1      | Reached XP level 1. HP: 11/11 MP: 3/3
    58 | D:1      | Found Enniylem's Magic Scroll Emporium.
    74 | D:1      | Reached skill level 1 in Fighting
   146 | D:1      | Reached skill level 1 in Stealth
   230 | D:1      | Reached XP level 2. HP: 16/16 MP: 4/4
   719 | D:2      | Reached XP level 3. HP: 21/21 MP: 5/5
   838 | D:2      | Reached skill level 1 in Short Blades
  1225 | D:2      | Reached XP level 4. HP: 17/26 MP: 6/6
  1481 | D:2      | Gained mutation: You are weak. (Str -2) [potion of
                  | mutation]
  1481 | D:2      | Gained mutation: Your mind is acute. (Int +4, Str/Dex -1)
                  | [potion of mutation]
  1637 | D:3      | Noticed Pargi
  1638 | D:3      | Noticed a water moccasin
  1924 | D:3      | Reached XP level 5. HP: 22/30 MP: 7/7
  2076 | D:3      | Noticed Sigmund
  2122 | D:3      | Killed Sigmund
  2123 | D:3      | Reached XP level 6. HP: 12/36 MP: 8/8
  2386 | D:3      | Killed a water moccasin
  2394 | D:3      | Killed Pargi
  2395 | D:3      | Reached skill level 5 in Shapeshifting
  2395 | D:3      | Reached XP level 7. HP: 40/40 MP: 9/9
  2525 | D:3      | Found an opulent altar of Gozag.
  2944 | D:3      | Found a runed translucent door.
  2945 | D:3      | Noticed Crazy Yiuf
  3039 | D:3      | Became a worshipper of Gozag Ym Sagoz the Greedy
  3148 | D:4      | Identified the +1 leather armour of the Tsukumogami {rN+
                  | Stlth+}
  4287 | D:5      | Entered Level 5 of the Dungeon
  4427 | D:5      | Reached skill level 5 in Short Blades
  4649 | D:5      | Reached skill level 1 in Evocations
  4976 | D:5      | Got Odwakhai's Octavo of the Boggart and Malisons
  5453 | D:6      | Reached skill level 2 in Evocations
  5453 | D:6      | Reached XP level 8. HP: 43/47 MP: 10/10
  5785 | D:6      | Reached skill level 3 in Evocations
  5907 | D:6      | Reached skill level 4 in Evocations
  6533 | D:7      | Reached skill level 5 in Evocations
  6846 | D:7      | Noticed a hornet
  6852 | D:7      | Reached skill level 5 in Dodging
  6855 | D:7      | Killed a hornet
  7360 | D:8      | Noticed Joseph
  7368 | D:7      | Reached XP level 9. HP: 41/52 MP: 11/11
  7414 | D:8      | Killed Joseph
  7415 | D:8      | Reached skill level 6 in Evocations
  7426 | D:7      | Reached skill level 7 in Evocations
  7628 | D:8      | Reached skill level 8 in Evocations
  7835 | D:8      | Found a shadowy altar of Dithmenos.
  7842 | D:8      | Reached skill level 5 in Stealth
  8156 | D:8      | Found a staircase to the Lair.
  8163 | D:8      | Reached skill level 5 in Fighting
  8612 | D:9      | Noticed a troll
  8708 | D:9      | Found a flagged portal.
  8724 | Bailey   | Entered a bailey
  8792 | Bailey   | Reached XP level 10. HP: 45/59 MP: 12/12
  8807 | Bailey   | Slain by an orc warrior

Illustrated notes

Levels and vault maps discovered:
D:1:      mrwooster_arrival_statue, layout_loops_ring, serial_shops, shop
D:2:      minmay_razor_zed, layout_basic
D:3:      layout_loops_ring, nicolae_gozag_cash_rules_everything_around_me,
          minmay_circle_x, uniq_crazy_yiuf_cottage, uniq_pargi, uniq_sigmund
D:4:      layout_loops_ring, minmay_temple_entry_oklob, minmay_surrounded
D:5:      layout_loops_corners, minmay_lizard_king
D:6:      layout_basic
D:7:      layout_basic
D:8:      layout_basic, nicolae_dithmenos_shadow_blocks, david_lair_generic,
          uniq_joseph
D:9:      layout_irregular_city, xom_confusion_cloud, david_orc_4,
          enter_bailey_5, nicolae_water_bricks, kennysheep_generic_room_14
Bailey:   bailey_axe_3, bailey

Skill      XL: |  1  2  3  4  5  6  7  8  9 |
---------------+----------------------------+-----
Fighting       | 1 2 3 4 5 |  5.3
Stealth        | 1 2 5 |  5.0
Short Blades   | 1 2 3 4 5 6 |  6.3
Dodging        | 3 4 7 |  7.4
Shapeshifting  | 4 5 |  5.4
Evocations     | 2 5 8 |  8.0
Unarmed Combat | |  2.4

Action                     |  1- 3 |  4- 6 |  7- 9 | 10-12 || total
---------------------------+-------+-------+-------+-------++-------
  Melee: Unarmed           |    30 |    43 |       |       ||    73
         Dagger            |    63 |    98 |   338 |    14 ||   513
         Punch             |     2 |     4 |     7 |     1 ||    14
  Evoke: Wand              |       |       |     5 |       ||     5
         Phantom mirror    |       |       |     1 |       ||     1
    Use: Scroll            |       |     4 |     8 |       ||    12
         Potion            |       |     4 |     2 |       ||     6
   Stab: Sleeping          |     1 |       |     9 |       ||    10
         Distracted        |       |       |     1 |       ||     1
 Armour: Animal skin       |     3 |       |       |       ||     3
         Chain mail        |    41 |    38 |       |       ||    79
         Skin              |       |    56 |       |       ||    56
         Leather armour    |       |       |    58 |     2 ||    60
         Robe              |       |       |     2 |       ||     2
  Dodge: Dodged            |    48 |    26 |   160 |    10 ||   244

Table legend: (Time is in decaauts)
 A = Elapsed time spent in this place.
 B = Non-inter-level travel time spent in this place.
 C = Inter-level travel time spent in this place.
 D = Time resting spent in this place.
 E = Time spent auto-exploring this place.
 F = Levels seen in this place.
 G = Mean time per level.
                   A        B        C        D        E       F      G
               +--------+--------+--------+--------+--------+-----+--------+
         Total |   8699 |   8319 |    380 |   1811 |   4747 |  10 |  869.9 |
       Dungeon |   8623 |   8243 |    380 |   1779 |   4747 |   9 |  958.1 |
        Bailey |     75 |     75 |      0 |     32 |      0 |   1 |   75.0 |
               +--------+--------+--------+--------+--------+-----+--------+

Top non-repeatable levels by time:
     D:2: 1251 daAuts
     D:4: 1225 daAuts
     D:7: 1182 daAuts
     D:3: 1176 daAuts
     D:5: 1128 daAuts
     D:8: 986 daAuts
     D:6: 930 daAuts
     D:1: 597 daAuts
     D:9: 145 daAuts
  Bailey: 75 daAuts
